 Dungeon Crawl Stone Soup version 0.29-a0-1047-g7c58e119a4 (webtiles) character file.

Game seed: 17374079408143738638

14438 Sweeb the Carver (level 12, -4/76 HPs)
             Began as a Tengu Gladiator on Aug 16, 2022.
             Was a High Priest of Dithmenos.
             Slain by an orc warrior
             ... wielding a +0 dire flail
             ... led by an orc knight
              (21 damage)
             ... on level 2 of the Orcish Mines on Aug 17, 2022.
             The game lasted 00:24:59 (10840 turns).

Sweeb the Carver (Tengu Gladiator)                 Turns: 10840, Time: 00:24:59

Health: -4/76      AC:  7    Str: 15    XL:     12   Next: 16%
Magic:  13/13      EV: 27    Int:  9    God:    Dithmenos [*****.]
Gold:   1242       SH:  0    Dex: 26    Spells: 11/11 levels left

rFire   . . .      SeeInvis .   v - +1 scimitar (flame)
rCold   . . .      Faith    .   (no shield)
rNeg    . . .      Spirit   .   A - +1 steam dragon scales
rPois   .          Reflect  .   c - +1 hat
rElec   .          Harm     .   (no cloak)
rCorr   .          Rampage  .   (no gloves)
Will    .....                   (boots unavailable)
Stlth   ++++++++..              p - amulet of regeneration
HPRegen 1.02/turn               w - +4 ring of evasion
MPRegen 0.13/turn               t - +6 ring of dexterity

@: flying quickly and evasively, wreathed by umbra, quick
A: beak, talons 3, nimble flight
a: Renounce Religion, Shadow Step, Shadow Form


You were on level 2 of the Orcish Mines.
You worshipped Dithmenos.
Dithmenos was extremely pleased with you.
You visited 3 branches of the dungeon, and saw 14 of its levels.

You collected 1242 gold pieces.

Inventory:

Hand Weapons
 a - a +0 long sword of draining
 m - a +4 scimitar
 v - a +1 scimitar of flaming (weapon)
 y - the +4 trident of Terra Nullius {spect, rF+ Dex+6}
   (You found it on level 7 of the Dungeon)

   When its wielder attacks, the weapon's spirit leaps out and strikes again.
   The spirit shares a part of any damage it takes with its wielder.
   Dex:       It affects your dexterity (+6).
   rF:        It protects you from fire.
Missiles
 d - 2 throwing nets (quivered)
 e - 11 javelins
Armour
 c - a +1 hat (worn)
 A - +1 steam dragon scales (worn)
Jewellery
 b - a ring of protection from cold
 p - an amulet of regeneration (around neck)
 t - a +6 ring of dexterity (right hand)
 w - a +4 ring of evasion (left hand)
 x - a +6 ring of dexterity
Wands
 j - a wand of iceblast (30)
 l - a wand of paralysis (12)
 q - a wand of acid (5)
 r - a wand of flame (14)
Scrolls
 h - 2 scrolls of amnesia
 s - 9 scrolls of identify
 u - 2 scrolls of vulnerability
 z - a scroll of teleportation
Potions
 f - 3 potions of brilliance
 g - 4 potions of curing
 i - a potion of berserk rage
 k - a potion of heal wounds
 n - 2 potions of cancellation
 D - a potion of mutation


   Skills:
 + Level 9.4 Fighting
 * Level 14.3 Long Blades
 - Level 2.0 Throwing
 + Level 8.1 Dodging
 + Level 10.0 Stealth


You had 11 spell levels left.
You didn't know any spells.
Your spell library contained the following spells:

 Spells                   Type           Power      Damage    Failure   Level
 Apportation              Tloc           0%         N/A       38%         1
 Magic Dart               Conj           0%         1d3       38%         1
 Searing Ray              Conj           0%         2d4       52%         2
 Conjure Flame            Conj/Fire      0%         6-21      77%         3
 Ignite Poison            Fire/Tmut/Pois 0%         N/A       77%         3
 Tukima's Dance           Hex            0%         N/A       77%         3
 Fulminant Prism          Conj/Hex       0%         3d6       99%         4
 Passage of Golubria      Tloc           0%         N/A       99%         4
 Sticky Flame             Conj/Fire      0%         2d3       99%         4
 Alistair's Intoxication  Tmut/Pois      0%         N/A       100%        5
 Iskenderun's Battlesphe  Conj           0%         2d6       100%        5
 Yara's Violent Unravell  Hex/Tmut       0%         3d3       100%        5
 Iron Shot                Conj/Erth      0%         9d1       100%        6
 Spellforged Servitor     Conj/Summ      0%         N/A       100%        7


Dungeon Overview and Level Annotations

Branches:
Dungeon (11/15)            Temple (1/1) D:7            Lair (0/5) D:11
    Orc (2/2) D:10            Elf (0/3) Orc:2

Altars:
Ashenzari
Cheibriados
Dithmenos
Elyvilon
Fedhas
Gozag
Hepliaklqana
Kikubaaqudgha
Makhleb
Nemelex Xobeh
Okawaru
Qazlal
Ru
Sif Muna
Trog
Uskayaw
Vehumet
Wu Jian
Xom
Yredelemnul
Zin
The Shining One

Shops:
D:1 (   D:7 *   Orc:2 [


Innate Abilities, Weirdness & Mutations

You have a beak for a mouth.
You have claws for feet.
Your magical nature lets you fly swiftly and evasively.


Message History

You peck the orc wizard, but do no damage.
Your shadow hits the orc wizard with a scimitar!
The orc wizard misses you. The orc wizard completely misses you.
The orc completely misses you.
You slash the orc wizard! You burn the orc wizard.
You kill the orc wizard!
Dithmenos accepts your kill.
You slash the orc wizard! You burn the orc wizard.
You kill the orc wizard!
Dithmenos accepts your kill. The orc closely misses you.
You barely miss the orc. You claw the orc!
You kill the orc!
Dithmenos accepts your kill.
You slice the orc wizard!! You burn the orc wizard.
You kill the orc wizard!
Dithmenos accepts your kill.
An orc sorcerer comes into view.
It is wielding a +0 dagger and wearing a +1 robe of fire resistance.
Things that are here:
a +0 trident; an orc corpse
There is a stone staircase leading up here.
You fly upwards.
Reactivating autopickup.
The orc knight shouts!
The orc shouts!
The orc knight roars a battlecry!
The orcs go into a battle-frenzy!
The ogre barely misses you. The orc completely misses you.
The orc warrior misses you.
The orc shouts!
There is a stone staircase leading down here.
The orc warrior closely misses you.
The ogre hits you with a +0 giant club!!
* * * LOW HITPOINT WARNING * * *
You fly downwards.
An orc wizard comes into view. It is wielding a +0 dagger.
There is a stone staircase leading up here.
Unknown command.
You barely miss the orc warrior. The orc warrior completely misses you.
The orc warrior hits you with a +0 dire flail!!
You die...

........#.#............o#
..$.....##.............##
#........##.........#...#
##......# ###.#....###.##
.....## #####...# ## ...#
##...# #..<## ###.##
##O@o.# ##########)o.o.##
.........#.)....#
.........[...#.##
######..#[...##
#...∩#o.#.#...#
#...o#...........
#.o..#).oh......#
#..##{###..$......#.


You could see a warg (wandering), 2 orc warriors, an ogre, an orc wizard
(wandering) and 2 orcs.

Vanquished Creatures
  A centaur warrior (D:9)
  2 two-headed ogres
  An orc knight (Orc:2)
  2 orc sorcerers (Orc:2)
  Maurice (D:8)
  Maggie (D:6)
  3 trolls
  A wyvern (D:9)
  2 wraiths
  2 vampires (D:10)
  6 yaks (D:9)
  A steam dragon (D:7)
  An acid dragon (D:9)
  2 wargs (Orc:1)
  Edmund (D:4)
  3 water moccasins
  Duvessa (D:4)
  14 orc warriors
  A black bear (D:5)
  A sky beast (D:7)
  5 ogres
  5 centaurs
  2 phantoms (D:4)
  4 kobold brigands
  2 bullfrogs
  2 necrophages
  3 scorpions
  2 gnoll sergeants (D:9)
  18 wights
  Dowan (D:4)
  19 killer bees
  5 howler monkeys
  9 crimson imps (D:7)
  5 jellies
  23 orc priests
  5 hounds
  Terence (D:3)
  22 orc wizards
  Robin (D:4)
  8 adders
  8 gnolls
  A shadow imp (D:8)
  3 white imps
  4 ufetubi
  5 worms (D:3)
  3 dart slugs
  81 orcs
  2 ball pythons
  2 bats
  6 endoplasms
  3 giant cockroaches
  10 hobgoblins
  3 jackals (D:4)
  20 kobolds
  10 quokkas
  5 frilled lizards
  12 goblins
  5 rats
  A spectral kobold (D:7)
373 creatures vanquished.

Vanquished Creatures (others)
  3 orcs
  A goblin (D:4)
4 creatures vanquished.

Grand Total: 377 creatures vanquished

Notes
Turn   | Place    | Note
-------+----------+-------------------------------------------
     0 | D:1      | Sweeb the Tengu Gladiator began the quest for the Orb.
     0 | D:1      | Reached XP level 1. HP: 12/12 MP: 2/2
   158 | D:1      | Reached XP level 2. HP: 13/17 MP: 3/3
   292 | D:1      | Found Duximul's Antique Weapon Shoppe.
   536 | D:1      | Reached skill level 1 in Stealth
   848 | D:1      | Reached XP level 3. HP: 22/22 MP: 4/4
   852 | D:1      | Reached skill level 4 in Long Blades
  1482 | D:2      | Found a hazy altar of Hepliaklqana.
  1943 | D:3      | Reached XP level 4. HP: 27/27 MP: 5/5
  2065 | D:3      | Found a sparkling altar of Nemelex Xobeh.
  2474 | D:3      | Identified the +3 scale mail of the Spider Nest {Int+4
                  | Dex+2}
  2501 | D:3      | Noticed Terence
  2505 | D:3      | Killed Terence
  2515 | D:3      | Reached skill level 5 in Long Blades
  2515 | D:3      | Gained mutation: Your magical nature lets you fly swiftly
                  | and evasively. [Tengu growth]
  2515 | D:3      | Reached XP level 5. HP: 21/32 MP: 6/6
  3080 | D:4      | Found a bloodstained altar of Trog.
  3080 | D:4      | Found an iron altar of Okawaru.
  3217 | D:4      | Noticed Robin
  3236 | D:4      | Killed Robin
  3240 | D:4      | Reached XP level 6. HP: 30/37 MP: 7/7
  3567 | D:4      | Reached skill level 6 in Long Blades
  3579 | D:4      | Found a shimmering altar of Xom.
  3583 | D:4      | Noticed an angel
  3586 | D:4      | Found a glowing silver altar of Zin.
  3711 | D:4      | Noticed Duvessa
  3711 | D:4      | Noticed Dowan
  3725 | D:4      | Killed Dowan
  3726 | D:4      | Reached XP level 7. HP: 42/42 MP: 8/8
  3732 | D:4      | Killed Duvessa
  4229 | D:4      | Reached skill level 7 in Long Blades
  4563 | D:4      | Noticed Edmund
  4578 | D:4      | Killed Edmund
  4579 | D:4      | Reached XP level 8. HP: 29/48 MP: 9/9
  4856 | D:5      | Entered Level 5 of the Dungeon
  4920 | D:5      | Reached skill level 5 in Fighting
  4920 | D:5      | Reached skill level 8 in Long Blades
  4969 | D:5      | Reached skill level 5 in Stealth
  5316 | D:5      | Reached skill level 9 in Long Blades
  5775 | D:6      | Reached XP level 9. HP: 55/55 MP: 10/10
  5911 | D:6      | Noticed Maggie
  6322 | D:6      | Reached skill level 10 in Long Blades
  6334 | D:6      | Killed Maggie
  6719 | D:7      | Found Gidam's Assorted Antiques.
  6970 | D:7      | Found a staircase to the Ecumenical Temple.
  6994 | D:7      | Identified the +4 trident of Terra Nullius {spect, rF+
                  | Dex+6}
  7007 | Temple   | Entered the Ecumenical Temple
  7060 | Temple   | Became a worshipper of Dithmenos the Shadowed
  7190 | D:7      | Found a sacrificial altar of Ru.
  7194 | D:7      | Found a shimmering blue altar of Sif Muna.
  7253 | D:7      | Reached skill level 11 in Long Blades
  7253 | D:7      | Reached XP level 10. HP: 58/63 MP: 11/11
  7368 | D:7      | Found a hazy altar of Hepliaklqana.
  7530 | D:7      | Found a radiant altar of Vehumet.
  7535 | D:7      | Reached * piety under Dithmenos
  7831 | D:8      | Noticed Maurice
  7885 | D:9      | Reached skill level 5 in Dodging
  7891 | D:9      | Noticed a two-headed ogre
  7897 | D:9      | Killed a two-headed ogre
  7950 | D:9      | Reached skill level 12 in Long Blades
  8003 | D:9      | Reached ** piety under Dithmenos
  8473 | D:9      | Reached XP level 11. HP: 68/68 MP: 12/12
  8835 | D:9      | Reached *** piety under Dithmenos
  8837 | D:9      | Noticed a centaur warrior
  8844 | D:9      | Killed a centaur warrior
  8845 | D:9      | Reached skill level 13 in Long Blades
  9014 | D:8      | Killed Maurice
  9137 | D:8      | Found a snail-covered altar of Cheibriados.
  9308 | D:8      | Noticed a two-headed ogre
  9316 | D:8      | Killed a two-headed ogre
  9476 | D:10     | Entered Level 10 of the Dungeon
  9570 | D:10     | Found a staircase to the Orcish Mines.
  9596 | D:10     | Reached **** piety under Dithmenos
  9943 | D:10     | Found an opulent altar of Gozag.
  9965 | D:10     | Found a burning altar of Makhleb.
 10096 | D:10     | Identified the +6 dagger of Inference {distort, rF+ Int+6}
 10312 | D:11     | Found a staircase to the Lair.
 10313 | D:11     | Noticed a cyclops
 10314 | D:11     | Noticed a manticore
 10359 | Orc:1    | Entered Level 1 of the Orcish Mines
 10549 | Orc:1    | Noticed a cyclops
 10587 | Orc:1    | Reached skill level 14 in Long Blades
 10618 | Orc:1    | Noticed an orc knight
 10633 | Orc:1    | You are sucked into a shaft and drop 1 floor!
 10633 | Orc:2    | Entered Level 2 of the Orcish Mines
 10660 | Orc:2    | Reached ***** piety under Dithmenos
 10673 | Orc:2    | Found a staircase to the Elven Halls.
 10692 | Orc:1    | Noticed an orc knight
 10706 | Orc:2    | Noticed an orc knight
 10728 | Orc:2    | Reached XP level 12. HP: 71/76 MP: 13/13
 10741 | Orc:2    | Found Xivitwoa's Armour Shoppe.
 10759 | Orc:2    | Noticed a sun demon
 10812 | Orc:2    | Reached skill level 10 in Stealth
 10840 | Orc:2    | Slain by an orc warrior

Illustrated notes

Levels and vault maps discovered:
D:1:      tarquinn_simple_flora_water_b, layout_loops_ring, serial_shops,
          shop_statue
D:2:      layout_loops_ring, basic_altar, minmay_tree_intersection,
          dk_noncrumbling_3
D:3:      layout_basic, nemelex_xobeh_ov_fountains_minmay, serial_rivers,
          chequers_serial_rivers_large_a, chequers_serial_rivers_micro_b,
          chequers_serial_rivers_room_b, chequers_serial_rivers_micro_c,
          chequers_serial_rivers_room_b, nicolae_wormholes, uniq_terence
D:4:      layout_basic, grunt_temple_overflow_order_and_chaos_1,
          grunt_temple_overflow_bloody_war, uniq_duvessa, uniq_edmund,
          uniq_robin
D:5:      minmay_opposing_rooms, layout_loops_ring,
          chequers_serial_rivers_room_a
D:6:      layout_cave_pods, nicolae_concentric_dashed_squares_wild,
          minmay_strange_pillars, uniq_maggie
D:7:      layout_cave_pools, nicolae_hepliaklqana_monster_ancestors,
          mainiacjoe_overflow_brackets, grunt_temple_overflow_open,
          minmay_temple_entry_butterflies, serial_shops, shop_coins,
          nrook_pool_corridor, minmay_misc_feat_five, minmay_nine_imps
D:8:      layout_rooms, nicolae_overflow_crystal_walls, uniq_maurice
D:9:      nzn_winding_woodlands_three_and_one [nzn_winding_woodlands_5x15_pool,
          nzn_winding_woodlands_5x15_river_crossing,
          nzn_winding_woodlands_5x15_default,
          nzn_winding_woodlands_center_pierced_h], layout_rooms, serial_glass,
          glass_columns_b, glass_columns_b, minmay_unpleasant_kobolds
D:10:     layout_rooms, mainiacjoe_overflow_swirl, hiddenorc2_lemuel
D:11:     layout_irregular_city, erik_lair_orcish_takeover,
          minmay_misc_feat_chi, zin_academy, uniq_sonja, uniq_grum
Temple:   zaba_magenta_temple
Orc:1:    layout_diamond_mine, serial_shops, nicolae_shop_behind_doors
Orc:2:    st_orc_town, layout_diamond_mine

Skill      XL: |  1  2  3  4  5  6  7  8  9 10 11 12 |
---------------+-------------------------------------+-----
Stealth        | 1 2 3 4 5 7 8 9 10 | 10.0
Long Blades    | 4 5 6 7 9 11 12 14 | 14.3
Fighting       | 3 4 5 7 8 9 |  9.4
Dodging        | 4 6 7 8 |  8.1
Throwing       | |  2.0

Action                   |  1- 3 |  4- 6 |  7- 9 | 10-12 || total
-------------------------+-------+-------+-------+-------++-------
Melee: Long sword        |    75 |   112 |   128 |       ||   315
       Kick              |    19 |    21 |    77 |   186 ||   303
       Peck              |    10 |    18 |    37 |   118 ||   183
       Punch             |       |     2 |     3 |    11 ||    16
       Scimitar          |       |       |   100 |   554 ||   654
Throw: Throwing net      |       |       |     2 |       ||     2
Invok: Shadow Step       |       |       |       |     1 ||     1
Evoke: Wand              |       |       |     5 |       ||     5
  Use: Scroll            |     5 |     8 |     3 |    11 ||    27
       Potion            |       |     7 |       |     4 ||    11
 Stab: Sleeping          |     5 |     3 |    11 |    17 ||    36
       Held in net/web   |       |       |     2 |       ||     2
       Distracted        |       |       |       |     8 ||     8
Armor: Leather armour    |    14 |    18 |    33 |    13 ||    78
       Skin              |       |     6 |       |       ||     6
       Steam dragon scal |       |       |       |    36 ||    36
Dodge: Dodged            |    46 |    84 |   199 |   588 ||   917

Table legend: (Time is in decaauts)
 A = Elapsed time spent in this place.
 B = Non-inter-level travel time spent in this place.
 C = Inter-level travel time spent in this place.
 D = Time resting spent in this place.
 E = Time spent auto-exploring this place.
 F = Levels seen in this place.
 G = Mean time per level.
                   A        B        C        D        E       F      G
               +--------+--------+--------+--------+--------+-----+--------+
         Total |  10218 |   9800 |    418 |   1916 |   5107 |  14 |  729.9 |
       Dungeon |   9730 |   9328 |    402 |   1857 |   5027 |  11 |  884.5 |
        Temple |     63 |     48 |     15 |      0 |     36 |   1 |   63.0 |
  Orcish Mines |    424 |    424 |      0 |     58 |     43 |   2 |  212.0 |
               +--------+--------+--------+--------+--------+-----+--------+

Top non-repeatable levels by time:
     D:4: 1748 daAuts
     D:3: 1153 daAuts
     D:1: 1064 daAuts
     D:9: 1049 daAuts
     D:6: 975 daAuts
     D:5: 843 daAuts
     D:2: 825 daAuts
     D:7: 776 daAuts
    D:10: 694 daAuts
     D:8: 523 daAuts
   Orc:1: 246 daAuts
   Orc:2: 177 daAuts
    D:11: 75 daAuts
  Temple: 63 daAuts
